AoeStats
← Chris Becker

Arena

509359106Analyzed
4v4 RM · 7d ago on Sep 26, 2026· 79m 27s· 8 players
Game mode
Random Map
Map size
Large (8 player)
Population
200
Speed
Normal
Resources
Standard
Victory
Conquest
Starting age
Dark Age
Ending age
Imperial Age
RankedLock teamsTeams togetherTeam positionsShared explorationLock speedFull tech treeHidden civsTurbo modeCheats
Victory
Defeat
🇨🇳 Italians · China
1686
+13
🇹🇼 Varangians · Taiwan
1637
+15
🇭🇰 Teutons · Hong Kong SAR China
1610
+16
🇩🇪 Burgundians · Germany
1504
+20
🇫🇮 Koreans · Finland
1729
-20
🇨🇳 Huns · China
1599
-16
🇨🇳 Celts · China
1567
-14
🇨🇳 Mongols · China
1553
-14
Chris Becker
4:35 Double-Bit Axe
7:37 Horse Collar
11:42 Feudal Age
15:57 Castle Age
14:47 Bow Saw
14:39 Heavy Plow
14:41 Stone Mining
15:14 Gold Mining
18:30 Wheelbarrow
21:11 Gold Shaft Mining
21:40 Scale Barding Armor
23:42 Chain Barding Armor
24:19 Forging
24:50 Loom
25:27 Town Watch
27:18 Iron Casting
32:26 Hand Cart
34:49 Imperial Age
34:56 Burgundian Vineyards
36:38 Chemistry
36:10 Capped Ram
39:28 Plate Barding Armor
39:54 Blast Furnace
39:26 Light Cavalry
40:06 Husbandry
41:36 Conscription
40:40 Hussar
44:44 Fletching
49:31 Caravan
51:08 Padded Archer Armor
51:24 Cavalier
55:09 Leather Archer Armor
63:17 Two-Man Saw
66:56 Elite Skirmisher
69:29 Bodkin Arrow
71:58 Paladin
73:21 Fortified Wall
73:22 Masonry
YMK414
6:47 Loom
8:45 Feudal Age
9:18 Loom
9:44 Double-Bit Axe
11:13 Fletching
23:47 Castle Age
22:28 Gold Mining
25:16 Bodkin Arrow
31:05 Imperial Age
29:18 Horse Collar
31:55 Wheelbarrow
31:34 Bow Saw
39:24 Pikeman
41:46 Halberdier
43:27 Forging
45:05 Conscription
45:30 Iron Casting
45:48 Scale Mail Armor
47:32 Chemistry
47:47 Two-Man Saw
47:40 Hand Cart
48:23 Chain Mail Armor
49:09 Blast Furnace
50:41 Plate Mail Armor
50:54 Town Watch
58:15 Caravan
58:37 Guard Tower
61:07 Arson
69:21 Keep
69:08 Ballistics
69:24 Keep
69:24 Arrowslits
69:58 Squires
好奇小牛
10:37 Feudal Age
10:00 Loom
14:10 Castle Age
12:08 Double-Bit Axe
13:59 Horse Collar
15:13 Bow Saw
19:23 Town Watch
21:56 Wheelbarrow
28:18 Imperial Age
26:02 Stone Mining
26:46 Forging
26:41 Scale Barding Armor
26:31 Gold Mining
27:46 Stone Shaft Mining
27:41 Hand Cart
28:40 Iron Casting
28:32 Chain Barding Armor
28:56 Elite Jarl
29:42 Husbandry
30:45 Bloodlines
31:26 Plate Barding Armor
31:46 Conscription
32:41 Heavy Plow
33:27 Town Patrol
33:50 Ballistics
34:34 Blast Furnace
33:29 Fletching
33:41 Scale Mail Armor
35:00 Gothikon
40:03 Chemistry
38:44 Treadmill Crane
39:15 Masonry
39:11 Siege Engineers
44:47 Caravan
47:10 Bodkin Arrow
49:20 Murder Holes
49:56 Architecture
50:59 Squires
50:45 Arson
50:36 Elite Varangian Guard
55:45 Crop Rotation
56:53 Chain Mail Armor
58:24 Two-Man Saw
58:59 Fortified Wall
58:25 Light Cavalry
58:29 Vendel Legacy
60:58 Plate Mail Armor
60:40 Gambesons
61:04 Cavalier
64:00 Pikeman
66:31 Capped Ram
66:32 Heavy Scorpion
66:48 Hussar
67:01 Man-at-Arms
68:09 Guilds
68:31 Coinage
67:26 Pikeman
70:10 Long Swordsman
71:14 Two-Handed Swordsman
72:42 Onager
DKDFCD
12:04 Feudal Age
11:28 Loom
12:55 Double-Bit Axe
12:54 Horse Collar
15:38 Castle Age
13:37 Gold Mining
16:34 Bow Saw
21:31 Stone Mining
22:55 Wheelbarrow
25:38 Imperial Age
23:43 Fletching
27:36 Two-Man Saw
26:57 Heavy Plow
28:07 Elite Skirmisher
28:44 Bodkin Arrow
29:23 Ballistics
31:50 Chemistry
32:43 Bracer
35:42 Padded Archer Armor
37:06 Thumb Ring
37:17 Leather Archer Armor
38:46 Hand Cart
40:50 Crop Rotation
40:57 Stone Shaft Mining
41:06 Guilds
41:29 Ring Archer Armor
41:09 Town Watch
41:51 Conscription
43:22 Crossbowman
43:50 Arbalester
44:55 Caravan
46:05 Treadmill Crane
46:36 Masonry
51:07 Silk Road
50:59 Pirotechnia
51:47 Fortified Wall
52:09 Architecture
51:35 Murder Holes
53:01 Capped Ram
74:24 Onager
LUCKY
11:23 Feudal Age
12:40 Double-Bit Axe
12:44 Horse Collar
15:17 Castle Age
16:13 Bow Saw
16:18 Heavy Plow
19:02 Loom
20:47 Wheelbarrow
21:24 Stone Mining
22:06 Gold Mining
24:11 Hand Cart
25:02 Gold Shaft Mining
29:24 Imperial Age
27:56 Fletching
28:28 Town Watch
31:25 Bodkin Arrow
36:06 Imperial Age
34:07 Marauders
35:26 Bloodlines
35:17 Husbandry
34:37 Light Cavalry
35:47 Scale Barding Armor
35:53 Forging
37:30 Chain Barding Armor
36:47 Elite Tarkan
37:48 Conscription
38:53 Two-Man Saw
39:22 Plate Barding Armor
41:54 Iron Casting
46:32 Blast Furnace
46:56 Bracer
47:37 Coinage
47:18 Hussar
49:05 Banking
53:35 Ballistics
54:15 Chemistry
53:26 Masonry
53:12 Murder Holes
54:27 Scale Mail Armor
54:01 Pikeman
54:27 Arson
54:43 Squires
54:45 Halberdier
56:42 Chain Mail Armor
62:13 Man-at-Arms
64:15 Long Swordsman
69:07 Caravan
King-Arthur
6:02 Loom
8:33 Feudal Age
9:25 Double-Bit Axe
16:02 Fletching
23:43 Castle Age
22:20 Gold Mining
22:38 Horse Collar
25:34 Bodkin Arrow
29:19 Bow Saw
32:50 Imperial Age
34:31 Chemistry
35:01 Wheelbarrow
40:15 Ballistics
44:35 Town Watch
47:42 Bracer
47:42 Crossbowman
49:00 Arbalester
50:42 Thumb Ring
67:14 Elite Skirmisher
68:55 Hand Cart
只会打步弓
10:22 Feudal Age
11:23 Double-Bit Axe
14:06 Castle Age
12:17 Horse Collar
16:05 Town Watch
16:54 Loom
20:44 Wheelbarrow
28:36 Imperial Age
26:31 Gold Mining
27:02 Fletching
27:39 Padded Archer Armor
28:30 Bow Saw
28:20 Bodkin Arrow
28:47 Husbandry
29:50 Bracer
30:06 Bloodlines
31:12 Leather Archer Armor
31:21 Ballistics
33:06 Chemistry
32:33 Masonry
33:24 Conscription
33:09 Nomads
33:20 Stone Mining
35:52 Siege Engineers
35:55 Elite Mangudai
37:45 Hand Cart
39:07 Parthian Tactics
38:47 Thumb Ring
44:22 Murder Holes
45:26 Elite Skirmisher
49:16 Heavy Plow
49:41 Caravan
51:22 Town Patrol
67:20 Light Cavalry
68:06 Scale Barding Armor
69:06 Coinage
68:18 Hussar
69:53 Chain Barding Armor
69:44 Forging
70:27 Banking
77:52 Iron Casting
79:40 Blast Furnace
小胖子
10:40 Feudal Age
14:30 Castle Age
12:50 Double-Bit Axe
12:46 Horse Collar
15:37 Bow Saw
20:29 Wheelbarrow
26:50 Imperial Age
24:40 Gold Mining
24:49 Loom
25:28 Heavy Plow
26:47 Forging
26:37 Scale Mail Armor
26:59 Pikeman
28:24 Chain Mail Armor
28:45 Iron Casting
27:35 Halberdier
30:21 Plate Mail Armor
30:56 Conscription
32:01 Blast Furnace
31:14 Capped Ram
32:29 Town Watch
33:00 Hand Cart
32:59 Siege Ram
35:00 Furor Celtica
35:01 Heavy Scorpion
36:07 Ballistics
36:48 Chemistry
36:11 Ballistics
39:32 Siege Engineers
40:16 Town Patrol
41:42 Guilds
43:57 Onager
51:43 Arson
51:44 Gambesons
52:18 Caravan
55:14 Stronghold
65:58 Coinage
78:34 Banking
Connection lost

Rejoining the realm…

Still unreachable

The connection could not be restored.

Session expired

The server has moved on; the page needs a fresh start.